 Dungeon Crawl Stone Soup version 0.17-a0-1508-ge7f3dc3 (webtiles) character file.

7375 urechis the Slicer (level 11, -4/76 HPs)
             Began as a Kobold Berserker on July 10, 2015.
             Was a High Priest of Trog.
             Slain by a wolf spider simulacrum (5 damage)
             ... in an ice cave.
             The game lasted 00:36:14 (10580 turns).

urechis the Slicer (Kobold Berserker)              Turns: 10580, Time: 00:36:15

Health: -4/76      AC: 10    Str: 16    XL:     11   Next: 36%
Magic:  11/11      EV: 15    Int:  5    God:    Trog [*****.]
Gold:   560        SH:  0    Dex: 19    Spells: 0 memorised, 10 levels left

rFire  . . .     SeeInvis +     a - +5 quick blade
rCold  + + .     Clarity  .     C - +2 leather armour {rC+}
rNeg   . . .     SustAt   .     (shield restricted)
rPois  .         Gourm    .     (helmet restricted)
rElec  .         Spirit   .     T - +2 cloak {+Inv}
rCorr  .         Warding  .     (no gloves)
rMut   .         Stasis   .     (no boots)
MR     ++...                    L - amulet of regeneration
Stlth  ++++......               (no ring)
                                z - ring of see invisible

@: regenerating, very resistant to hostile enchantments, stealthy
A: antennae 1, slimy green scales 1, carnivore 3, cold resistance 1
a: Burn Spellbooks, Berserk, Trog's Hand, Brothers in Arms, Renounce Religion,
Evoke Invisibility


You were in an ice cave.
You worshipped Trog.
Trog was extremely pleased with you.
You were very full.

You visited 2 branches of the dungeon, and saw 12 of its levels.
You also visited: Ice Cave.

You collected 560 gold pieces.

Inventory:

Hand weapons
 a - a +5 quick blade (weapon)
 b - a +0 blowgun
 c - a +2 dagger of venom
 w - a +1 rapier of protection
Missiles
 i - 63 poisoned needles
 x - 19 tomahawks (quivered)
 y - 5 poisoned tomahawks
 I - 4 tomahawks of returning
Armour
 j - a +0 buckler
 C - a +2 leather armour of cold resistance (worn)
 D - a +2 leather armour of poison resistance
 M - a troll hide
 T - a +2 cloak of invisibility (worn)
Jewellery
 z - a ring of see invisible (left hand)
 L - an amulet of regeneration (around neck)
Magical devices
 e - a wand of frost (38)
 h - a wand of polymorph (8)
 F - a wand of lightning (6)
 J - a wand of fire (8)
 N - a wand of confusion (13)
 P - a wand of paralysis (13)
 R - a wand of cold (11)
 U - a wand of flame (25)
Scrolls
 l - 3 scrolls of recharging
 n - 2 scrolls of teleportation
 q - a scroll of amnesia {unknown}
 s - a scroll of fog {unknown}
 B - 2 scrolls of vulnerability {unknown}
 O - a scroll of identify
 Q - a scroll of random uselessness {unknown}
 S - a scroll of acquirement {unknown}
Potions
 d - a potion of cure mutation {unknown}
 f - 3 potions of flight
 g - a potion of lignification {unknown}
 m - 2 potions of curing {unknown}
 o - a potion of magic {unknown}
 p - 4 potions of brilliance {unknown}
 r - 2 potions of haste
 t - 3 potions of heal wounds {unknown}
 u - 2 potions of might {unknown}
 v - 2 potions of agility
 A - a potion of ambrosia {unknown}
 E - a potion of resistance {unknown}
 G - a potion of poison {unknown}
Comestibles
 k - a royal jelly
 H - 4 meat rations
 K - a beef jerky


   Skills:
 - Level 12.0 Fighting
 - Level 14.0 Short Blades
 - Level 1.5 Armour
 - Level 2.4 Dodging
 - Level 8.0 Stealth
 + Level 3.2 Shields


You had 10 spell levels left.
You didn't know any spells.

Dungeon Overview and Level Annotations

Branches:
Dungeon (11/15)            Temple (1/1) D:5            Lair (0/8) D:9
    Orc (0/4) D:9

Altars:
Ashenzari
Cheibriados
Dithmenos
Elyvilon
Fedhas
Gozag
Kikubaaqudgha
Makhleb
Nemelex Xobeh
Okawaru
Qazlal
Ru
Sif Muna
Trog
Vehumet
Xom
Yredelemnul
Zin
The Shining One

Shops:
D:5 !


Innate Abilities, Weirdness & Mutations

You are small and have problems with some larger weapons.
You are carnivorous and can eat meat at any time.
You have a pair of small antennae on your head.
You are partially covered in slimy green scales (AC +2).
Your flesh is cold resistant.


Message History

Found an ice covered gate leading back out of this place.
There is an ice choked empty arch of ancient stone here.
You don't know any spells.
You hit the alligator simulacrum. The wolf spider simulacrum hits you!
The wolf spider simulacrum freezes you. You resist.
The wolf spider simulacrum bites you. The wolf spider simulacrum freezes you!
You resist.
Use which ability? (? or * to list)
Your skin crawls.
You feel resistant to hostile enchantments.
You feel slightly less full. The alligator simulacrum bites you!
The alligator simulacrum freezes you! You resist.
* * * LOW HITPOINT WARNING * * *
The alligator simulacrum tail-slaps you!
* * * LOW HITPOINT WARNING * * *
The alligator simulacrum freezes you! You resist.
* * * LOW HITPOINT WARNING * * *
The wolf spider simulacrum hits you but does no damage.
The wolf spider simulacrum bites you.
You die...

#### ##..##
###
##....##..##
#......ZZ..##
#.∩.∩.@Z....#
#......Z##....
##....### #
##..## ####


You could see 3 alligator simulacra and a wolf spider simulacrum.

Vanquished Creatures
  Erolcha (D:8)
  Pikel (D:5)
  A hill giant (D:10)
  Maurice (D:11)
  A centaur zombie (D:10)
  Psyche (D:10)
  A troll (D:9)
  A spriggan (D:7)
  A hungry ghost (D:7)
  Eustachio (D:6)
  A hippogriff (D:11)
  A mottled dragon (D:11)
  Edmund (D:5)
  5 orc warriors
  A sky beast (D:5)
  2 slaves (D:5)
  3 ice beasts
  2 ogres
  A centaur (D:11)
  A crocodile (D:8)
  4 big kobolds
  3 giant frogs
  6 killer bees
  4 scorpions
  7 wights
  2 crimson imps
  6 hounds
  2 jellies
  4 orc priests
  3 giant frog skeletons
  A gnoll shaman (D:7)
  An iguana (D:5)
  12 orc wizards
  Jessica (D:2)
  3 worker ants
  Robin (D:2)
  8 gnolls
  17 adders
  2 shadow imps (D:9)
  12 white imps (D:11)
  3 oozes
  2 adder zombies
  3 worms
  2 adder skeletons (D:4)
  6 giant geckos
  35 orcs
  9 bats
  A bat skeleton (D:6)
  13 goblins
  18 hobgoblins
  15 jackals
  5 quokkas
  9 giant cockroaches
  11 giant newts
  21 kobolds
  21 rats
301 creatures vanquished.

Vanquished Creatures (others)
  A plant (D:2)
1 creature vanquished.

Grand Total: 302 creatures vanquished

Notes
Turn   | Place    | Note
--------------------------------------------------------------
     0 | D:1      | urechis the Kobold Berserker began the quest for the Orb.
     0 | D:1      | Reached XP level 1. HP: 14/14 MP: 1/1
    14 | D:1      | Reached skill level 1 in Stealth
    99 | D:1      | Reached XP level 2. HP: 19/19 MP: 2/2
   395 | D:1      | Reached XP level 3. HP: 21/23 MP: 3/3
   665 | D:2      | Acquired Trog's second power
   799 | D:2      | Noticed Robin
   809 | D:2      | Killed Robin
   809 | D:2      | Reached XP level 4. HP: 28/28 MP: 4/4
   822 | D:2      | Reached skill level 5 in Stealth
   933 | D:2      | Noticed Jessica
   945 | D:2      | Killed Jessica
   945 | D:2      | Reached skill level 6 in Stealth
   945 | D:2      | Reached XP level 5. HP: 32/32 MP: 5/5
   990 | D:2      | Found a glowing golden altar of the Shining One.
  2374 | D:2      | Reached skill level 7 in Stealth
  2520 | D:3      | Reached XP level 6. HP: 27/37 MP: 6/6
  2732 | D:3      | Reached skill level 8 in Stealth
  2889 | D:3      | Acquired Trog's third power
  3651 | D:4      | Gained mutation: Your flesh is cold resistant. [potion of beneficial mutation]
  3652 | D:4      | Gained mutation: You are partially covered in slimy green scales (AC +2). [potion of beneficial mutation]
  4011 | D:5      | Entered Level 5 of the Dungeon
  4055 | D:5      | Noticed a slave
  4057 | D:5      | Noticed a slave
  4063 | D:5      | Killed a slave
  4065 | D:5      | Noticed Pikel
  4066 | D:5      | Killed a slave
  4067 | D:5      | Noticed a slave
  4068 | D:5      | Killed Pikel
  4068 | D:5      | Reached skill level 5 in Fighting
  4068 | D:5      | Reached XP level 7. HP: 41/45 MP: 7/7
  4068 | D:5      | Reached XP level 8. HP: 46/51 MP: 8/8
  4069 | D:5      | Noticed a freed slave
  4113 | D:5      | Found a staircase to the Ecumenical Temple.
  4153 | Temple   | Entered the Ecumenical Temple
  4277 | D:5      | Found Ymeof's Distillery.
  4425 | D:5      | Found a sparkling altar of Nemelex Xobeh.
  4427 | D:5      | Found a sacrificial altar of Ru.
  4429 | D:5      | Found an opulent altar of Gozag.
  4526 | D:5      | Noticed Edmund
  4533 | D:5      | Killed Edmund
  4553 | D:5      | Found an ancient bone altar of Kikubaaqudgha.
  4611 | D:5      | Noticed a sky beast
  4616 | D:5      | Killed a sky beast
  4946 | D:6      | Found a bloodstained altar of Trog.
  4954 | D:6      | Found a shimmering altar of Xom.
  4969 | D:6      | Found an iron altar of Okawaru.
  4973 | D:6      | Found a burning altar of Makhleb.
  4986 | D:6      | Found a snail-covered altar of Cheibriados.
  5217 | D:6      | Reached skill level 9 in Short Blades
  5217 | D:6      | Reached XP level 9. HP: 57/57 MP: 9/9
  5408 | D:6      | Noticed Eustachio
  5421 | D:6      | Killed Eustachio
  5970 | D:7      | Reached skill level 10 in Short Blades
  6543 | D:7      | Found a shattered altar of Ashenzari.
  6821 | D:7      | Reached skill level 11 in Short Blades
  7241 | D:7      | Reached XP level 10. HP: 67/67 MP: 10/10
  7601 | D:7      | Found a deep blue altar of Sif Muna.
  7768 | D:8      | Gained mutation: You have a pair of small antennae on your head. [potion of beneficial mutation]
  7863 | D:8      | Reached skill level 10 in Fighting
  7930 | D:8      | Noticed Erolcha
  7949 | D:8      | Killed Erolcha
  7949 | D:8      | Reached skill level 12 in Short Blades
  8884 | D:9      | Found a stormy altar of Qazlal.
  8885 | D:9      | Found a basalt altar of Yredelemnul.
  9131 | D:9      | Found a staircase to the Lair.
  9356 | D:9      | Reached skill level 13 in Short Blades
  9359 | D:9      | Found a staircase to the Orcish Mines.
  9370 | D:9      | Received a gift from Trog
  9750 | D:10     | Entered Level 10 of the Dungeon
  9847 | D:10     | Noticed Psyche
  9847 | D:10     | Noticed a hill giant
  9857 | D:10     | Killed Psyche
  9857 | D:10     | Reached XP level 11. HP: 75/75 MP: 11/11
  9879 | D:10     | Killed a hill giant
 10074 | D:10     | Reached skill level 14 in Short Blades
 10240 | D:11     | Reached skill level 1 in Shields
 10413 | D:11     | Found a frozen archway.
 10415 | D:11     | Noticed Maurice
 10452 | D:11     | Killed Maurice
 10556 | D:11     | Noticed a cyclops
 10576 | IceCv    | Entered an ice cave
 10580 | IceCv    | HP: 1/76 [alligator simulacrum (8)]
 10580 | IceCv    | Slain by a wolf spider simulacrum

Vault maps used:
D:1:      minmay_arrival_stone_box
D:2:      serial_forest, infiniplex_forest_lined_3,
          infiniplex_forest_clump_tiny, infiniplex_forest_straight_3,
          infiniplex_forest_clump_long, infiniplex_forest_lined_2,
          infiniplex_forest_join, kennysheep_flooded_box, minmay_lizard_king,
          uniq_robin, uniq_jessica
D:4:      first_bread
D:5:      kennysheep_mini, grunt_temple_overflow_open,
          minmay_temple_entry_nine_rooms, serial_shops,
          nicolae_shop_statue_plus, minivault_1, uniq_edmund, uniq_pikel
D:6:      minmay_overflow_temple_star_hex, uniq_eustachio
D:7:      led_sif_book, nicolae_ashenzari_panopticon, the_bakery
D:8:      uniq_erolcha
D:9:      gammafunk_temple_overflow_pools, lair_0_dummy, orc_0_dummy
D:10:     minmay_klotski, hangedman_decor_clover_reticule, uniq_psyche
D:11:     portal_ice_cave_entry_imps, uniq_maurice, uniq_sonja
Temple:   circular_temple_6
IceCv:    ice_cave_small_necro

Action                   |  1- 3 |  4- 6 |  7- 9 | 10-12 || total
-------------------------+-------+-------+-------+-------++-------
Melee: Short sword       |    88 |    48 |       |       ||   136
       Dagger            |       |   696 |       |    10 ||   706
       Rapier            |       |       |   301 |   219 ||   520
       Quick blade       |       |       |       |   164 ||   164
 Fire: Blowgun           |       |       |       |     7 ||     7
Invok: Berserk           |     2 |    13 |    11 |    10 ||    36
       Burn Spellbooks   |       |     1 |       |     2 ||     3
       Trog's Hand       |       |       |       |     2 ||     2
  Use: Scroll            |     2 |     5 |     1 |     2 ||    10
       Potion            |       |     2 |       |     1 ||     3
 Stab: Sleeping          |     4 |    12 |    15 |    19 ||    50
       Distracted        |       |       |       |     2 ||     2
  Eat: Chunk             |     9 |    28 |    20 |    26 ||    83
